 Dungeon Crawl Stone Soup version 0.29-a0-364-g921d912d32 (webtiles) character file.

Game seed: 2257876810929724746

716 ptdevnull the Grappler (level 7, 58/58 HPs)
             Began as a Ghoul Monk on Apr 30, 2022.
             Was an Elder of Kikubaaqudgha.
             Quit the game on level 5 of the Dungeon.
             The game lasted 00:10:15 (4563 turns).

ptdevnull the Grappler (Ghoul Monk)                 Turns: 4563, Time: 00:10:16

Health: 58/58      AC: 11    Str: 15    XL:     7   Next: 69%
Magic:  6/6        EV: 12    Int:  7    God:    Kikubaaqudgha [****..]
Gold:   224        SH:  0    Dex: 11    Spells: 6/6 levels left

rFire   . . .      SeeInvis .     - Unarmed
rCold   + . .      Faith    .   (no shield)
rNeg    + + +      Spirit   +   a - +0 robe
rPois   ∞          Reflect  .   C - +2 helmet
rElec   .          Harm     .   c - +0 cloak
rCorr   .          Rampage  .   r - +0 pair of gloves
Will    .....                   (no boots)
Stlth   ++........              g - amulet of guardian spirit
HPRegen 0.19/turn               j - +4 ring of protection
MPRegen 0.10/turn               (no ring)

@: no status effects
A: claws 1, cold resistance 1, negative energy resistance 3, inhibited
regeneration, torment resistance 2, devour on kill
a: Renounce Religion, Receive Corpses


You were on level 5 of the Dungeon.
You worshipped Kikubaaqudgha.
Kikubaaqudgha was greatly pleased with you.
You visited 1 branch of the dungeon, and saw 5 of its levels.
You also visited: Sewer.

You collected 224 gold pieces.

Inventory:

Hand Weapons
 k - a +1 dagger of venom
Missiles
 o - 2 javelins (quivered)
Armour
 a - a +0 robe (worn)
 c - a +0 cloak (worn)
 r - a +0 pair of gloves (worn)
 C - a +2 helmet (worn)
Magical Staves
 f - a staff of air
 u - a staff of poison
Jewellery
 g - an amulet of guardian spirit (around neck)
 j - a +4 ring of protection (left hand)
Scrolls
 d - a scroll of enchant armour {unknown}
 e - a scroll of amnesia {unknown}
 l - 2 scrolls of teleportation {unknown}
 m - a scroll of holy word {unknown}
 n - 5 scrolls of identify
 p - a scroll of silence {unknown}
 q - a scroll of enchant weapon {unknown}
 v - a scroll of noise {unknown}
 w - 3 scrolls of blinking
 y - a scroll of vulnerability {unknown}
Potions
 b - a potion of ambrosia
 h - 2 potions of lignification {unknown}
 i - 7 potions of curing
 s - a potion of haste {unknown}
 t - 2 potions of flight {unknown}
 x - a potion of brilliance {unknown}
 z - 2 potions of magic {unknown}
 A - 3 potions of heal wounds {unknown}
 B - a potion of might {unknown}
 D - a potion of invisibility {unknown}


   Skills:
 + Level 3.9 Fighting
 - Level 2.6 Dodging
 - Level 2.1 Stealth
 * Level 9.4 Unarmed Combat


You had 6 spell levels left.
You didn't know any spells.
Your spell library contained the following spells:

 Spells                   Type           Power      Damage    Failure   Level
 Animate Skeleton         Necr           0%         N/A       43%         1
 Apportation              Tloc           0%         N/A       43%         1
 Magic Dart               Conj           0%         1d3       43%         1
 Summon Small Mammal      Summ           0%         N/A       43%         1
 Call Imp                 Summ           0%         N/A       56%         2
 Corpse Rot               Necr/Air       0%         N/A       56%         2
 Scorch                   Fire           0%         2d5       56%         2
 Mephitic Cloud           Conj/Pois/Air  0%         N/A       80%         3
 Vampiric Draining        Necr           0%         2d6       80%         3
 Anguish                  Hex/Necr       0%         N/A       99%         4
 Animate Dead             Necr           0%         N/A       99%         4
 Flame Wave               Conj/Fire      0%         2d4       99%         4
 Agony                    Necr           0%         N/A       100%        5
 Excruciating Wounds      Necr           0%         N/A       100%        5
 Fireball                 Conj/Fire      0%         3d3       100%        5
 Iskenderun's Battlesphe  Conj           0%         2d6       100%        5
 Conjure Ball Lightning   Conj/Air       0%         3x3d6     100%        6
 Death Channel            Necr           0%         N/A       100%        6
 Simulacrum               Ice/Necr       0%         N/A       100%        6
 Summon Cactus Giant      Summ           0%         N/A       100%        6
 Orb of Destruction       Conj           0%         9d5       100%        7


Dungeon Overview and Level Annotations

Branches:
Dungeon (5/15)              Sewer (visited)
 Temple: D:4-7

Altars:
Cheibriados
Kikubaaqudgha
Nemelex Xobeh
Trog
Wu Jian

Shops:
D:1 **?:


Innate Abilities, Weirdness & Mutations

You are immune to poison.
You have sharp fingernails.
Your flesh is cold resistant. (rC+)
You are immune to negative energy. (rN+++)
You do not regenerate when monsters are visible.
You are immune to unholy pain and torment.
You thrive by killing the living.


Message History

The hound bites you but does no damage.
You barely miss the hound.
The hound is almost dead.
The hound misses you.
You closely miss the hound.
The hound is almost dead.
The hound closely misses you. x2
You miss the hound.
The hound is almost dead.
The hound bites you but does no damage.
You punch the hound!
You kill the hound!
Kikubaaqudgha accepts your kill.
No target in view!
You now have 191 gold pieces (gained 16).
l - 2 scrolls labelled BETYR NURPHAURI (gained 1)
Found a stone staircase leading up.
n - 5 scrolls of identify (gained 1)
A - 3 fuming black potions (gained 1)
There is a stone staircase leading up here.
Found a stone staircase leading down.
There is a stone staircase leading down here.
Found a glowing spear.
You now have 202 gold pieces (gained 11).
You see here a +2 spear of venom.
You now have 215 gold pieces (gained 13).
You now have 224 gold pieces (gained 9).
Found a stone staircase leading down.
A hound comes into view.
A hound is nearby!
The hound barks!
The hound closely misses you. x2
You punch the hound!
The hound is heavily wounded.
The hound misses you.
You punch the hound!
You kill the hound!
Kikubaaqudgha accepts your kill.
Found a scroll labelled BETYR NURPHAURI.
Are you sure you want to abandon this character and quit the game? (Confirm with "yes".)

#### ... # #..
...#####.##..# #.#
#....>@...?.# #.#
#.####.###.... #.#
###.# # #.# #
#...##### #.#
##....#.....## #.#
#.....#......# #.###
#...#####..#....
#...# #.....#....#
##.
###<######.....#....#


There were no monsters in sight!

Vanquished Creatures
  A water moccasin (Sewer)
  Edmund (D:4)
  A centaur (D:4)
  A necrophage (D:4)
  2 hounds (D:5)
  A gnoll shaman (D:5)
  An iguana (D:4)
  4 gnolls (D:5)
  A river rat (D:4)
  8 adders
  A white imp (D:5)
  An ufetubus (D:4)
  6 worms
  3 dart slugs
  2 orcs (D:4)
  2 endoplasms
  11 giant cockroaches
  6 goblins
  3 hobgoblins
  3 jackals (Sewer)
  4 kobolds
  2 quokkas (D:1)
  11 ball pythons
  6 bats
  3 frilled lizards (D:2)
  6 rats
91 creatures vanquished.

Notes
Turn   | Place    | Note
-------+----------+-------------------------------------------
     0 | D:1      | ptdevnull the Ghoul Monk began the quest for the Orb.
     0 | D:1      | Reached XP level 1. HP: 19/19 MP: 0/0
   265 | D:1      | Found Icloledd's Book Boutique.
   274 | D:1      | Reached XP level 2. HP: 25/26 MP: 1/1
   303 | D:1      | Found Echam's Magic Scroll Shop.
   309 | D:1      | Found Sisetir's Assorted Antiques.
   375 | D:1      | Found Poujuxie's Assorted Antiques.
   391 | D:1      | Reached skill level 4 in Unarmed Combat
   530 | D:1      | Upgraded the game from 0.29-a0-362-g5854e031c7 to
                  | 0.29-a0-364-g921d912d32
   532 | D:1      | Found a faded altar of an unknown god.
   549 | D:1      | Prayed at the altar of an unknown god.
   549 | D:1      | Became a worshipper of Kikubaaqudgha
   549 | D:1      | Reached * piety under Kikubaaqudgha
   549 | D:1      | Received a gift from Kikubaaqudgha
   549 | D:1      | Reached ** piety under Kikubaaqudgha
   980 | D:2      | Reached XP level 3. HP: 26/31 MP: 2/2
  1293 | D:2      | Reached *** piety under Kikubaaqudgha
  1293 | D:2      | Received a gift from Kikubaaqudgha
  1685 | D:2      | Reached skill level 5 in Unarmed Combat
  1685 | D:2      | Reached XP level 4. HP: 40/40 MP: 3/3
  2540 | D:4      | Reached XP level 5. HP: 46/46 MP: 4/4
  2606 | D:4      | Reached skill level 6 in Unarmed Combat
  2840 | D:4      | Found a glowing drain.
  2850 | Sewer    | Entered a sewer
  2864 | Sewer    | Reached **** piety under Kikubaaqudgha
  2885 | Sewer    | Noticed a water moccasin
  2897 | Sewer    | Killed a water moccasin
  2898 | Sewer    | Reached skill level 7 in Unarmed Combat
  2898 | Sewer    | Reached XP level 6. HP: 39/52 MP: 3/5
  3338 | D:4      | Reached skill level 8 in Unarmed Combat
  3338 | D:4      | Reached XP level 7. HP: 58/58 MP: 6/6
  3590 | D:4      | Noticed Edmund
  3630 | D:4      | HP: 2/58 [Edmund/+1 flail of protection (4)]
  3633 | D:4      | Killed Edmund
  3944 | D:4      | Found an ancient bone altar of Kikubaaqudgha.
  3944 | D:4      | Found a bloodstained altar of Trog.
  3950 | D:4      | Found an ornate altar of the Wu Jian Council.
  3952 | D:4      | Found a sparkling altar of Nemelex Xobeh.
  3954 | D:4      | Found a snail-covered altar of Cheibriados.
  4143 | D:5      | Entered Level 5 of the Dungeon
  4205 | D:5      | Reached skill level 9 in Unarmed Combat
  4563 | D:5      | Quit the game

Illustrated notes

Levels and vault maps discovered:
D:1:      dpeg_arrival_water_fire, layout_basic, serial_shops,
          nicolae_shop_statue_plus, nicolae_square_shop, shop, shop,
          hellmonk_ecumenical_altar_crossroads
D:2:      layout_basic, lemuel_another_geyser
D:3:      layout_basic
D:4:      layout_gridville, chequers_temple_overflow_minitemple,
          portal_sewer_entry_b, nicolae_figureground_pulse, uniq_edmund
D:5:      layout_loops_ring, kennysheep_little_box

Skill      XL: |  1  2  3  4  5  6  7 |
---------------+----------------------+-----
Unarmed Combat | 4 5 7 8 9 |  9.4
Fighting       | |  3.9
Dodging        | |  2.6
Stealth        | |  2.1

Action                   |  1- 3 |  4- 6 |  7- 9 || total
-------------------------+-------+-------+-------++-------
Melee: Unarmed           |   132 |   147 |   118 ||   397
       Punch             |     3 |     8 |     8 ||    19
  Use: Scroll            |       |     2 |       ||     2
 Stab: Sleeping          |     3 |     2 |       ||     5
Armor: Robe              |    41 |    78 |    38 ||   157
Dodge: Dodged            |    80 |    89 |    55 ||   224

Table legend: (Time is in decaauts)
 A = Elapsed time spent in this place.
 B = Non-inter-level travel time spent in this place.
 C = Inter-level travel time spent in this place.
 D = Time resting spent in this place.
 E = Time spent auto-exploring this place.
 F = Levels seen in this place.
 G = Mean time per level.
                   A        B        C        D        E       F      G
               +--------+--------+--------+--------+--------+-----+--------+
         Total |   4526 |   4406 |    120 |    498 |   3013 |   6 |  754.3 |
       Dungeon |   4351 |   4231 |    120 |    498 |   2897 |   5 |  870.2 |
         Sewer |    175 |    175 |      0 |      0 |    115 |   1 |  175.0 |
               +--------+--------+--------+--------+--------+-----+--------+

Top non-repeatable levels by time:
     D:4: 1434 daAuts
     D:1: 958 daAuts
     D:2: 797 daAuts
     D:3: 752 daAuts
     D:5: 408 daAuts
   Sewer: 175 daAuts
